 Dungeon Crawl Stone Soup version 0.18.1-48-g4cf74bf (webtiles) character file.

53 Heedrag the Conjurer (level 3, -9/19 HPs)
             Began as a Deep Elf Conjurer on Aug 7, 2016.
             Killed from afar by Heedrag's ghost (20 damage)
             ... with an orb of energy
             ... on level 3 of the Dungeon.
             The game lasted 00:03:49 (1728 turns).

Heedrag the Conjurer (Deep Elf Conjurer)            Turns: 1728, Time: 00:03:50

Health: -9/19      AC:  2    Str:  6    XL:     3   Next: 62%
Magic:  6/10       EV: 13    Int: 19    God:
Gold:   149        SH:  0    Dex: 15    Spells: 2 memorised, 6 levels left

rFire  . . .     SeeInvis .     j - +0 spear
rCold  . . .     Gourm    .     a - +0 robe
rNeg   . . .     Faith    .     (no shield)
rPois  .         Spirit   .     (no helmet)
rElec  .         Dismiss  .     (no cloak)
rCorr  .         Reflect  .     (no gloves)
SustAt .         Harm     .     (no boots)
MR     .....                    (no amulet)
Stlth  ++........               (no ring)
                                (no ring)

@: not resistant to hostile enchantments, unstealthy
A: no striking features
a: no special abilities


You were on level 3 of the Dungeon.
You were not hungry.

You visited 1 branch of the dungeon, and saw 3 of its levels.

You collected 149 gold pieces.

Inventory:

Hand Weapons
 j - a +0 spear (weapon)
Armour
 a - a +0 robe (worn)
Scrolls
 e - 2 scrolls of identify {unknown}
 f - a scroll of amnesia {unknown}
 h - a scroll of teleportation {unknown}
 l - 2 scrolls of recharging {unknown}
 n - a scroll of remove curse {unknown}
Potions
 g - a potion of might {unknown}
 i - a potion of resistance {unknown}
 m - a potion of heal wounds {unknown}
 o - a potion of flight {unknown}
 q - a potion of agility {unknown}
Books
 b - a book of Conjurations

   Spells                             Type                      Level
   a - Magic Dart                     Conjuration                  1
   b - Searing Ray                    Conjuration                  2
   c - Dazzling Spray                 Conjuration/Hexes            3
   d - Fulminant Prism                Conjuration/Hexes            4
   e - Iskenderun's Mystic Blast      Conjuration                  4
   f - Iskenderun's Battlesphere      Conjuration/Charms           5
Comestibles
 c - 4 bread rations
 d - a meat ration
 k - 2 royal jellies
 p - 2 chunks of flesh


   Skills:
 - Level 2.4 Dodging
 - Level 2.4 Stealth
 + Level 4.0 Spellcasting
 * Level 5.4 Conjurations


You had 6 spell levels left.
You knew the following spells:

 Your Spells              Type           Power        Failure   Level  Hunger
a - Magic Dart            Conj           ###.         1%          1    None
b - Dazzling Spray        Conj/Hex       ##....       14%         3    ###....


Dungeon Overview and Level Annotations

Branches:
Dungeon (3/15)

Altars:
Ashenzari

Annotations:
D:3 Heedrag's ghost, amateur DECj


Message History

Heedrag's ghost casts a spell at ye.
Tha magic dart hits ye!
Castin': Magic Dart Confirm wit' . or Enter, or press ? or * ta list all spells.
Aimin': Magic Dart
Press: ? - help, Shift-Dir - straight line, f/p - Heedrag's ghost
Aim: Heedrag's ghost, wieldin' a weapon o' chaos (moderately damaged) Tha magic dart hits Heedrag's ghost.
Heedrag's ghost be moderately damaged.
Castin': Magic Dart Confirm wit' . or Enter, or press ? or * ta list all spells.
Aimin': Magic Dart
Press: ? - help, Shift-Dir - straight line, f/p - Heedrag's ghost
Aim: Heedrag's ghost, wieldin' a weapon o' chaos (moderately damaged) Tha magic dart hits Heedrag's ghost.
Heedrag's ghost be moderately damaged.
Heedrag's ghost points at ye an' mumbles some strange words.
Tha orb o' energy hits ye!
Ouch! Tha re'lly hurt!
Ye die...

###
#..
#W#
#.#
#.#
#@#
###


You could see Heedrag's ghost.

Vanquished Creatures
  An adder (D:2)
  A worm (D:2)
  A giant gecko (D:2)
  A giant cockroach (D:2)
  6 goblins
  5 hobgoblins
  5 jackals (D:2)
  4 kobolds (D:1)
  A ball python (D:2)
  2 bats
  2 giant newts (D:2)
  9 rats
38 creatures vanquished.

Notes
Turn   | Place    | Note
--------------------------------------------------------------
     0 | D:1      | Heedrag the Deep Elf Conjurer began the quest for the Orb.
     0 | D:1      | Reached XP level 1. HP: 10/10 MP: 6/6
     2 | D:1      | Noticed a demigod
     2 | D:1      | Noticed a demonspawn
     4 | D:1      | Noticed a dwarf
     6 | D:1      | Noticed a spriggan
     6 | D:1      | Noticed a gargoyle
     8 | D:1      | Noticed a draconian
     8 | D:1      | Noticed a human
    10 | D:1      | Noticed a vampire
    10 | D:1      | Noticed a halfling
    12 | D:1      | Noticed a minotaur
    12 | D:1      | Noticed a felid
    14 | D:1      | Noticed a vine stalker
    16 | D:1      | Noticed a naga
    16 | D:1      | Noticed an elf
    18 | D:1      | Noticed a formicid
    20 | D:1      | Noticed a troll
    22 | D:1      | Noticed an ogre
    22 | D:1      | Noticed an octopode
    24 | D:1      | Noticed a merfolk
    24 | D:1      | Noticed a tengu
    26 | D:1      | Noticed a centaur
    26 | D:1      | Noticed a ghoul
   349 | D:1      | Reached XP level 2. HP: 15/15 MP: 6/8
   798 | D:2      | Reached skill level 5 in Conjurations
  1045 | D:2      | Reached XP level 3. HP: 17/19 MP: 2/10
  1050 | D:2      | Learned a level 3 spell: Dazzling Spray
  1576 | D:2      | Found a shattered altar of Ashenzari.
  1725 | D:3      | Noticed Heedrag's ghost (amateur DECj)
  1728 | D:3      | Killed from afar by Heedrag's ghost

Skill      XL: |  1  2  3 |
---------------+----------+-----
Conjurations   | 5 |  5.4
Spellcasting   | 4 |  4.0
Dodging        | |  2.4
Stealth        | |  2.4

Action                   || total
-------------------------++-------
Melee: Spear             ||     8
 Cast: Magic Dart        ||    86
  Eat: Chunk             ||     2
Armor: Robe              ||     9
Dodge: Dodged            ||    22
